 Dungeon Crawl Stone Soup version 0.30-a0-778-g2ef04afb54 (webtiles) character file.

Game seed: 18311634484185160139

181 funkygono the Firebug (level 5, -7/31 HPs)
             Began as an Octopode Fire Elementalist on Feb 16, 2023.
             Mangled by an iguana (13 damage)
             ... on level 3 of the Dungeon.
             The game lasted 00:04:54 (3587 turns).

funkygono the Firebug (Octopode Fire Elementalist)  Turns: 3587, Time: 00:04:54

Health: -7/31      AC:  1    Str:  7    XL:     5   Next: 61%
Magic:  1/9        EV: 13    Int: 19    God:
Gold:   114        SH:  0    Dex: 13    Spells: 4/10 levels left

rFire   . . .      SeeInvis .    p - +0 falchion
rCold   . . .      Faith    .    n - orb {mayhem}
rNeg    . . .      Spirit   .    (helmet restricted)
rPois   .          Reflect  .    (no amulet)
rElec   .          Harm     .    (no ring)
rCorr   .          Rampage  .    (no ring)
Will    .....                    (no ring)
Stlth   +++                      (no ring)
HPRegen 0.25/turn                (no ring)
MPRegen 0.11/turn                (no ring)
                                 (no ring)
                                 (no ring)

@: no status effects
A: almost no armour, amphibious, 8 rings, camouflage 1, gelatinous body 1,
(nimble swimmer 1), tentacles
a: no special abilities


You were on level 3 of the Dungeon.
You visited 1 branch of the dungeon, and saw 4 of its levels.

You collected 114 gold pieces.

Inventory:

Hand Weapons
 e - a +0 dagger
 p - a +0 falchion (weapon)
Armour
 n - an orb of mayhem (worn)
Scrolls
 b - a scroll of acquirement {unknown}
 f - 3 scrolls of identify {unknown}
 h - 2 scrolls of magic mapping {unknown}
 i - a scroll of butterflies {unknown}
 j - 2 scrolls of noise {unknown}
 m - a scroll of immolation {unknown}
 o - a scroll of teleportation {unknown}
Potions
 a - a potion of magic
 c - 2 potions of heal wounds {unknown}
 d - 2 potions of brilliance {unknown}
 g - 2 potions of flight {unknown}
 k - 2 potions of mutation {unknown}
 l - a potion of ambrosia {unknown}


   Skills:
 + Level 2.1 Dodging
 + Level 3.6 Stealth
 + Level 3.1 Spellcasting
 + Level 2.1 Conjurations
 + Level 4.6 Fire Magic


You had 4 spell levels left.
You knew the following spells:

 Your Spells              Type           Power      Damage    Failure   Level
a - Foxfire               Conj/Fire      60%        2x1d7     3%          1
b - Scorch                Fire           40%        2d7       3%          2
c - Kindle Blastsparks    Fire/Tloc/Air  16%        2d11      24%         3

Your spell library contained the following spells:

 Spells                   Type           Power      Damage    Failure   Level
 Inner Flame              Hex/Fire       11%        N/A       17%         3
 Flame Wave               Conj/Fire      15%        2d7       36%         4


Dungeon Overview and Level Annotations

Branches:
Dungeon (4/15)
 Temple: D:4-7

Altars:


Innate Abilities, Weirdness & Mutations

You cannot wear most types of armour.
You are amphibious.
You can wear up to eight rings at the same time.
Your skin changes colour to match your surroundings (Stealth+).
Your rubbery body absorbs attacks. (AC +1, EV +1)
((You are camouflaged when in or above water. (Stealth+)))
You have tentacles for arms and can constrict up to eight enemies at once.


Message History

The jackal closely misses you.
The foxfire hits the ball python.
You kill the ball python!
The jackal flies into a frenzy!
The jackal misses you.
Casting: Foxfire (safe; 3% risk of failure)
Confirm with . or Enter, or press ? or * to list all spells.
You conjure some foxfire!
The foxfire hits the jackal.
You kill the jackal!
Casting: Foxfire (safe; 3% risk of failure)
Confirm with . or Enter, or press ? or * to list all spells.
You conjure some foxfire!
The foxfire hits the iguana but does no damage.
The iguana is lightly wounded.
The foxfire hits the iguana but does no damage.
The iguana is lightly wounded.
The foxfire hits the iguana but does no damage.
The iguana is lightly wounded.
The iguana bites you!
Casting: Foxfire (safe; 3% risk of failure)
Confirm with . or Enter, or press ? or * to list all spells.
You conjure some foxfire!
A jackal comes into view.
The iguana bites you!
* * * LOW HITPOINT WARNING * * *
Casting: Foxfire (safe; 3% risk of failure)
Confirm with . or Enter, or press ? or * to list all spells.
You don't have enough magic to cast this spell.
Unknown command.
The foxfire hits the iguana but does no damage.
The iguana is lightly wounded.
The foxfire hits the iguana.
The iguana is moderately wounded.
The foxfire hits the iguana but does no damage.
The iguana is moderately wounded.
The iguana closely misses you.
You climb upwards.
There is a stone staircase leading down here.
Casting: Foxfire (safe; 3% risk of failure)
Confirm with . or Enter, or press ? or * to list all spells.
You conjure some foxfire!
The iguana bites you!
You die...

#######.# ##### ##.##. #.#
#...##########...#. #.#
###................#. ##.##
#.......########...#.
######...####.....[.........####.
#...................#######.# #.
#.####...######......# #.# #.
#.#####.#######.v....# #.# #.
................@....######.####.
#....#..########vl.<.>...........
####.#..# #..........###.###
........#########.#.#####.# #.#
......[.............# #.# #.#
......)..#######..### #.# #.#
.....##).# #.## #.# #.#
.รท...##..# #.# #.# #.#
..#####).# #.# #.# #.#


You could see an iguana (ally target).

Vanquished Creatures
  2 orc priests (D:3)
  Jessica (D:3)
  An adder (D:3)
  3 dart slugs
  3 orcs (D:3)
  4 endoplasms
  3 giant cockroaches
  4 goblins
  6 hobgoblins
  4 jackals
  6 kobolds
  A quokka (D:2)
  3 ball pythons
  7 bats
  3 rats
51 creatures vanquished.

Vanquished Creatures (collateral kills)
  An orc priest (D:3)
  An orc (D:3)
  A jackal (D:3)
3 creatures vanquished.

Vanquished Creatures (others)
  An orc (D:3)
  141 foxfires
142 creatures vanquished.

Grand Total: 196 creatures vanquished

Notes
Turn   | Place    | Note
-------+----------+-------------------------------------------
     0 | D:1      | funkygono the Octopode Fire Elementalist began the quest
                  | for the Orb.
     0 | D:1      | Reached XP level 1. HP: 11/11 MP: 3/3
   242 | D:1      | Reached XP level 2. HP: 15/17 MP: 1/5
   245 | D:1      | Learned a level 2 spell: Scorch
  1077 | D:1      | Reached XP level 3. HP: 21/21 MP: 3/6
  1081 | D:1      | Learned a level 3 spell: Kindle Blastsparks
  2551 | D:3      | Identified the +4 ring mail of the Storm King {rCorr Str+3}
  2570 | D:3      | Reached skill level 4 in Fire Magic
  2570 | D:3      | Reached XP level 4. HP: 13/27 MP: 0/7
  2930 | D:3      | Reached XP level 5. HP: 31/31 MP: 0/9
  3068 | D:3      | Noticed Jessica
  3072 | D:3      | Killed Jessica
  3587 | D:3      | Mangled by an iguana

Illustrated notes

Levels and vault maps discovered:
D:1:      dpeg_arrival_rooms_c, layout_basic
D:2:      layout_basic, chequers_serial_rivers_small_b
D:3:      layout_loops_ring, uniq_jessica
D:4:      gammafunk_wand_slinger, layout_cave_pools

Skill      XL: |  1  2  3  4  5 |
---------------+----------------+-----
Stealth        | 3 |  3.6
Fire Magic     | 4 |  4.6
Spellcasting   | 3 |  3.1
Conjurations   | 2 |  2.1
Dodging        | |  2.1

Action                     |  1- 3 |  4- 6 || total
---------------------------+-------+-------++-------
  Melee: Dagger            |     1 |     1 ||     2
         Constrict         |       |     1 ||     1
         Tentacles         |       |     1 ||     1
   Cast: Foxfire           |    50 |    38 ||    88
         Scorch            |     7 |     2 ||     9
 Armour: Skin              |     1 |     3 ||     4
  Dodge: Dodged            |    10 |     4 ||    14

Table legend: (Time is in decaauts)
 A = Elapsed time spent in this place.
 B = Non-inter-level travel time spent in this place.
 C = Inter-level travel time spent in this place.
 D = Time resting spent in this place.
 E = Time spent auto-exploring this place.
 F = Levels seen in this place.
 G = Mean time per level.
                   A        B        C        D        E       F      G
               +--------+--------+--------+--------+--------+-----+--------+
         Total |   3585 |   3445 |    140 |      0 |   3091 |   4 |  896.2 |
       Dungeon |   3585 |   3445 |    140 |      0 |   3091 |   4 |  896.2 |
               +--------+--------+--------+--------+--------+-----+--------+

Top non-repeatable levels by time:
     D:1: 1384 daAuts
     D:3: 1187 daAuts
     D:2: 1003 daAuts
     D:4: 9 daAuts
